 Dungeon Crawl Stone Soup version 0.19-a0-1686-g35356ef (webtiles) character file.

250387 Amnesiac the Warrior (level 19, 0/157 HPs)
             Began as a Mummy Enchanter on Sept 25, 2016.
             Was an Initiate of Gozag.
             Splashed by a tengu reaver's acid (12 damage)
             ... on level 2 of the Vaults.
             The game lasted 02:00:43 (55141 turns).

Amnesiac the Warrior (Mummy Enchanter)             Turns: 55141, Time: 02:00:44

Health: 0/157      AC: 17    Str: 11    XL:     19   Next: 30%
Magic:  39/39      EV: 31    Int: 26    God:    Gozag
Gold:   2829       SH: 12    Dex: 24    Spells: 7 memorised, 11 levels left

rFire  + + +     SeeInvis +     K - +5 demon trident (freeze)
rCold  + + .     Gourm    .     q - +3 leather armour of Awe {rF++ Dex+2}
rNeg   + + +     Faith    .     E - +3 buckler {AC+3}
rPois  ∞         Spirit   .     o - +3 hat of Pondering {ponderous, MR+ MP+10 Int+5}
rElec  .         Dismiss  .     b - +2 cloak {MR+}
rCorr  .         Reflect  +     s - +0 pair of fencer's gloves {+Riposte Dex+6}
MR     ++++.     Harm     .     v - +2 pair of boots "Kifradog" {-Tele rF+ rN++ Slay+5}
Stlth  +++....... NoTele   +    J - amulet of Sif Muna's Hope {Reflect rF+ rC+ Int+2 SH+3 Stlth-}
                                P - ring of see invisible
                                y - +6 ring of evasion

@: corroded, very slightly contaminated, studying Air Magic, slow
A: no food or potions, fire vulnerability, cold resistance 1, negative energy
resistance 3, torment resistance, unbreathing, in touch with death 1
a: Potion Petition, Call Merchant, Bribe Branch, Renounce Religion
}: 1/15 runes: serpentine


You were on level 2 of the Vaults.
You worshipped Gozag.
Gozag was most pleased with you.
You were not hungry.

You visited 6 branches of the dungeon, and saw 30 of its levels.
You also visited: Volcano.

You collected 16128 gold pieces.
You spent 3701 gold pieces at shops.
You paid 9598 gold pieces to Gozag.

Inventory:

Hand Weapons
 K - a +5 demon trident of freezing (weapon)
Missiles
 w - 3 throwing nets (quivered)
Armour
 b - a +2 cloak of magic resistance (worn)
 l - a +1 pair of boots of stealth
 o - the +3 hat of Pondering (worn) {ponderous, MR+ MP+10 Int+5}
   (You took it off Gastronok on level 11 of the Dungeon)

   It affects your intelligence (+5).
   It affects your resistance to hostile enchantments.
   It affects your magic capacity (+10).
 q - the +3 leather armour of Awe (worn) {rF++ Dex+2}
   (You bought it in a shop on level 8 of the Dungeon)

   It affects your dexterity (+2).
   It greatly protects you from fire.
 s - the +0 pair of fencer's gloves (worn) {+Riposte Dex+6}
   (You bought it in a shop on level 4 of the Snake Pit)

   It affects your dexterity (+6).
 v - the +2 pair of boots "Kifradog" (worn) {-Tele rF+ rN++ Slay+5}
   (You bought it in a shop on level 4 of the Snake Pit)

   It affects your accuracy and damage with ranged weapons and melee attacks
   (+5).
   It protects you from fire.
   It greatly protects you from negative energy.
   It prevents most forms of teleportation.
 z - a +0 helmet of intelligence
 E - a +3 buckler of protection (worn)
Jewellery
 c - an uncursed ring of protection from cold
 m - an uncursed amulet of magic regeneration
 n - an uncursed ring of magical power
 p - an uncursed ring of protection from fire
 u - an uncursed ring of wizardry
 y - a +6 ring of evasion (left hand)
 D - the ring "Sacraal" {rCorr *Corrode rElec Str+2}
   (You found it on level 10 of the Dungeon)

   [ring of resist corrosion]

   It affects your strength (+2).
   It insulates you from electricity.
   It may corrode you when you take damage.
 J - the amulet of Sif Muna's Hope (around neck) {Reflect rF+ rC+ Int+2 SH+3 Stlth-}
   (You found it on level 1 of the Vaults)

   [amulet of reflection]

   It shields you and reflects attacks.
   It affects your intelligence (+2).
   It protects you from fire.
   It protects you from cold.
   It affects your SH (+3).
   It makes you less stealthy.
 P - a ring of see invisible (right hand)
Wands
 f - a wand of iceblast (0/15)
 k - a wand of teleportation (3/9)
 t - a wand of digging (6/24)
 B - a wand of confusion (23/48)
 C - a wand of enslavement (13/24)
 F - a wand of disintegration (17/24)
 L - a wand of lightning (12/15)
 O - a wand of polymorph (15/24)
Scrolls
 a - 4 scrolls of vulnerability
 d - 13 scrolls of remove curse
 e - 12 scrolls of identify
 g - 4 scrolls of magic mapping
 h - 4 scrolls of recharging
 i - 8 scrolls of amnesia
 r - 9 scrolls of teleportation
 A - a scroll of fear
 G - a scroll of blinking
 H - a scroll of silence
 I - a scroll of torment
 M - 2 scrolls of fog
 N - a scroll of enchant armour
Books
 x - a manual of Air Magic
Miscellaneous
 j - a sack of spiders


   Skills:
 - Level 16.0 Fighting
   Level 1.0 Short Blades
 - Level 14.0 Polearms
 - Level 3.7 Armour
 - Level 14.0 Dodging
 - Level 9.0 Stealth
 - Level 4.0 Shields
 - Level 7.0 Spellcasting
 - Level 14.0 Hexes
 + Level 10.0 Air Magic


You had 11 spell levels left.
You knew the following spells:

 Your Spells              Type           Power        Failure   Level  Hunger
a - Ensorcelled Hibernat  Hex/Ice        #####.       1%          2    N/A
b - Summon Mana Viper     Hex/Summ       #####...     14%         5    N/A
c - Leda's Liquefaction   Hex/Erth       #####.....   6%          4    N/A
d - Summon Butterflies    Summ           #.......     10%         1    N/A
e - Confuse               Hex            ######..     1%          3    N/A
q - Dazzling Spray        Conj/Hex       #####.       1%          3    N/A
w - Tukima's Dance        Hex            ######..     1%          3    N/A

Dungeon Overview and Level Annotations

Branches:
Dungeon (15/15)            Temple (1/1) D:4            Lair (6/6) D:9
 Shoals (0/4) Lair:2        Snake (4/4) Lair:3        Slime (0/5) Lair:6
    Orc (2/2) D:11            Elf (0/3) Orc:2        Vaults (2/5) D:13
  Crypt (0/3) Vaults:2     Depths (0/5) D:15

Altars:
Ashenzari
Cheibriados
Dithmenos
Elyvilon
Fedhas
Gozag
Hepliaklqana
Kikubaaqudgha
Makhleb
Nemelex Xobeh
Okawaru
Ru
Sif Muna
Trog
Uskayaw
Vehumet
Xom
Yredelemnul
Zin
The Shining One
Beogh
Jiyva

Shops:
D:8 [   D:13 [[[   Orc:2 =[(:[   Lair:3 ((   Snake:2 :   Snake:4 [   Vaults:2 (


Innate Abilities, Weirdness & Mutations

You do not eat or drink.
Your flesh is vulnerable to fire.
You are immune to poison.
Your flesh is cold resistant. (rC+)
You are immune to negative energy. (rN+++)
You are immune to unholy pain and torment.
You can survive without breathing.
You are in touch with the powers of death.


Message History

Unknown command.
You hit the tengu reaver. You freeze the tengu reaver.
The tengu reaver is almost dead.
Unknown command.
You barely miss the tengu reaver.
The tengu reaver is almost dead.
The tengu reaver completely misses you. You block the tengu reaver's attack.
The tengu reaver misses you.
Unknown command.
You closely miss the tengu reaver.
The tengu reaver is almost dead.
Unknown command.
The tengu reaver blocks your attack.
The tengu reaver is almost dead.
The tengu reaver casts a spell at you. The bolt of acid hits you!
* * * LOW HITPOINT WARNING * * *
The acid corrodes you!
You are splashed with acid!
The acid burns!
You die...
Your body crumbles into a pile of gold.

.....# #.....#
'#######################.....#
......[......................#
.............................#
.............................#
.............................#
§§§§§§.......................#
##################§#######'#+#
##...^#§@Q.## ###...(###
##.#..#.#.*#.###^.......#
#...##..§##...###.####..##
#...##...##...# ### ##(.#
#...##...##...# #()#
#...##...##...#### #..)
#...##...##...'..## ##..#
##.#..#.#..#.###..####..##
##....#....## #........##


You could see a tengu reaver and a battlesphere.

Vanquished Creatures
  A bone dragon (Vaults:2)
  Gastronok (D:11)
  7 greater nagas
  A deep elf sorcerer (Vaults:2)
  2 vault wardens (Vaults:1)
  3 stone giants
  4 very ugly things
  4 ironheart preservers
  An entropy weaver (Vaults:2)
  The ghost of st0uf the Fighter, a journeyman DsGl of Okawaru (D:15)
  A deep elf annihilator (Vaults:2)
  3 fire dragons
  A great orb of eyes (Vaults:1)
  2 yaktaur captains (Vaults:1)
  A rakshasa (Vaults:2)
  7 vault guards (D:13)
  9 hydras
  2 ice dragons (Vaults:1)
  5 centaur warriors
  14 naga warriors
  Erica (D:10)
  4 ogre magi
  A death knight (D:12)
  14 anacondas
  30 death yaks
  15 shock serpents
  10 naga sharpshooters
  Sonja (D:14)
  4 deep elf knights
  2 skeletal warriors (D:12)
  A shadow wraith (Vaults:1)
  A fire crab (shapeshifter) (Vaults:2)
  An unseen horror (shapeshifter) (D:15)
  3 deep trolls (Vaults:1)
  6 unseen horrors
  7 salamander mystics
  A glowing orange brain (Vaults:2)
  7 naga ritualists
  6 orc knights
  3 wizards
  2 necromancers
  4 harpies (Vaults:2)
  4 ironbrand convokers
  2 deep elf archers
  2 wolf spider zombies
  5 lindwurms
  16 ugly things
  3 hill giants
  A phantasmal warrior (Vaults:2)
  25 salamanders
  12 orc sorcerers
  14 mana vipers
  A salamander (shapeshifter) (D:14)
  4 wolf spiders
  8 deep elf magi
  A hornet (Vaults:1)
  6 cyclopes
  6 centaur zombies
  33 elephants
  43 black mambas
  2 sirens (Lair:2)
  22 naga magi
  10 guardian serpents
  5 vault sentinels
  Maurice (D:9)
  17 spiny frogs
  A gargoyle (D:15)
  18 yaktaurs
  2 human zombies (Vaults:2)
  3 rime drakes
  An efreet (D:13)
  A komodo dragon (shapeshifter) (Vaults:2)
  11 komodo dragons
  3 meliai (D:14)
  A jumping spider (shapeshifter) (Vaults:1)
  7 trolls
  5 two-headed ogres
  4 polar bears
  2 merfolk (Lair:2)
  8 blink frogs
  18 slime creatures
  A two-headed ogre (shapeshifter) (Vaults:1)
  11 dream sheep
  A frost giant simulacrum (Vaults:2)
  4 hippogriffs
  A dancing weapon (Orc:1)
  3 shadows
  6 wyverns
  2 redbacks (Vaults:2)
  A wyvern (shapeshifter) (Vaults:1)
  15 spriggans
  6 wraiths
  Eustachio (D:5)
  Grum (D:11)
  53 yaks
  2 hungry ghosts
  2 basilisks
  3 fire bats (Volcano)
  A vampire mosquito (D:13)
  18 wargs
  5 mottled dragons
  30 nagas
  A soldier ant (D:13)
  21 water moccasins
  16 porcupines
  6 black bears
  3 sky beasts
  2 ice beasts
  23 orc warriors
  7 wasps
  A necrophage (D:9)
  5 boggarts
  27 wolves
  29 ogres
  17 crocodiles
  12 centaurs
  4 big kobolds (D:12)
  12 bullfrogs
  A gnoll sergeant (D:12)
  A glowing shapeshifter simulacrum (Vaults:2)
  5 scorpions
  2 orc simulacra (Vaults:2)
  An elf simulacrum (Vaults:1)
  9 killer bees
  2 electric eels (D:13)
  13 wights
  2 vampire bats (Lair:6)
  8 crimson imps
  A wasp zombie (D:13)
  4 lava snakes (Volcano)
  4 quasits
  3 bullfrog zombies
  6 hounds
  17 orc priests
  3 bullfrog skeletons
  2 jellies
  47 orc wizards
  Crazy Yiuf (D:4)
  9 centaur skeletons
  7 iguanas
  8 worker ants
  A hound skeleton (D:4)
  3 worker ant zombies
  4 gnolls
  47 river rats
  16 adders
  5 shadow imps
  3 oozes (Lair:6)
  3 worms
  2 dart slugs
  4 leopard geckos
  90 orcs
  2 ball pythons (Lair:3)
  15 bats
  3 giant cockroaches
  2 gnoll zombies (D:2)
  21 goblins
  9 hobgoblins
  20 jackals
  17 kobolds
  6 quokkas
  6 frilled lizards
  A leopard gecko zombie (D:8)
  A quokka zombie (D:7)
  8 rats
  3 fungi
1323 creatures vanquished.

Vanquished Creatures (collateral kills)
  Nikola (Snake:3)
  An ettin (Orc:1)
  Erolcha (Orc:1)
  A vault guard (D:13)
  2 salamander mystics (Snake:4)
  A two-headed ogre (D:12)
  2 ogres
  An orc priest (D:3)
  An orc wizard (D:11)
  An orc (D:11)
12 creatures vanquished.

Vanquished Creatures (others)
  An orc warlord (D:11)
  A naga warrior (Snake:1)
  A deep elf archer (Vaults:2)
  A naga (Snake:4)
  5 dancing weapons
  An orc wizard (D:7)
  A bush (Lair:6)
  92 fungi
  70 plants
173 creatures vanquished.

Grand Total: 1508 creatures vanquished

Notes
Turn   | Place    | Note
-------+----------+-------------------------------------------
     0 | D:1      | Amnesiac the Mummy Enchanter began the quest for the Orb.
     0 | D:1      | Reached XP level 1. HP: 13/13 MP: 3/3
   226 | D:2      | Reached XP level 2. HP: 19/19 MP: 5/5
   269 | D:2      | Found a snail-covered altar of Cheibriados.
   872 | D:4      | Found a glowing silver altar of Zin.
   873 | D:4      | Found a staircase to the Ecumenical Temple.
   880 | Temple   | Entered the Ecumenical Temple
   941 | D:4      | Reached XP level 3. HP: 24/24 MP: 4/6
   946 | D:4      | Learned a level 3 spell: Confuse
   995 | Temple   | Became a worshipper of Gozag Ym Sagoz the Greedy
  1597 | D:1      | You fall through a shaft!
  1696 | D:1      | Reached skill level 1 in Polearms
  2291 | D:2      | Reached XP level 4. HP: 7/30 MP: 5/7
  2941 | D:2      | Found a basalt altar of Yredelemnul.
  3135 | D:3      | Learned a level 3 spell: Tukima's Dance
  3509 | D:3      | Reached XP level 5. HP: 22/35 MP: 2/8
  3917 | D:3      | Reached skill level 5 in Hexes
  4245 | D:3      | Noticed an ogre
  4282 | D:3      | HP: 1/35 [ogre (16)]
  4286 | D:3      | Killed an ogre
  4286 | D:3      | Reached XP level 6. HP: 23/41 MP: 3/9
  4933 | D:4      | Reached skill level 1 in Short Blades
  4965 | D:4      | Found a runed door.
  5485 | D:4      | Noticed Crazy Yiuf
  5489 | D:4      | Killed Crazy Yiuf
  5541 | D:5      | Entered Level 5 of the Dungeon
  5554 | D:5      | Reached XP level 7. HP: 42/47 MP: 10/10
  5714 | D:5      | Reached skill level 1 in Fighting
  6127 | D:5      | Noticed Eustachio
  6133 | D:5      | Killed Eustachio
  6133 | D:5      | Reached XP level 8. HP: 48/54 MP: 4/11
  6379 | D:6      | Found a shimmering altar of Xom.
  7105 | D:6      | Found an ancient bone altar of Kikubaaqudgha.
  7559 | D:7      | Reached skill level 2 in Fighting
  7597 | D:7      | Reached skill level 3 in Fighting
  7673 | D:7      | Found a blossoming altar of Fedhas.
  8257 | D:8      | Found a hazy altar of Hepliaklqana.
  8263 | D:8      | Reached XP level 9. HP: 62/65 MP: 4/13
  8316 | D:8      | Reached skill level 4 in Fighting
  8894 | D:8      | Found a snail-covered altar of Cheibriados.
  8907 | D:8      | Bought a runed robe for 19 gold pieces
  8907 | D:8      | Bought an embroidered robe for 19 gold pieces
  8938 | D:8      | Bought an embroidered cloak for 126 gold pieces
  8938 | D:8      | Bought a runed cloak for 126 gold pieces
  8970 | D:8      | Bought a transparent leather armour for 196 gold pieces
  8980 | D:8      | Identified the +3 leather armour of Awe {rF++ Dex+2} (You bought it in a shop on level 8 of the Dungeon)
  9037 | D:9      | Reached skill level 5 in Dodging
  9194 | D:9      | Learned a level 3 spell: Dazzling Spray
  9480 | D:9      | Noticed Maurice
  9489 | D:9      | Killed Maurice
  9622 | D:9      | Found a staircase to the Lair.
  9884 | D:9      | Reached skill level 5 in Fighting
  9979 | D:9      | Learned a level 2 spell: Ensorcelled Hibernation
 10001 | D:10     | Entered Level 10 of the Dungeon
 10015 | D:10     | Noticed Erica
 10111 | D:10     | Killed Erica
 10111 | D:10     | Reached skill level 6 in Fighting
 10111 | D:10     | Reached XP level 10. HP: 76/76 MP: 6/14
 10313 | D:10     | You fall through a shaft for 2 floors!
 10313 | D:12     | Noticed a death knight
 10313 | D:12     | Noticed a skeletal warrior
 10313 | D:12     | Noticed a skeletal warrior
 10383 | D:12     | Noticed a cyclops
 10416 | D:12     | Noticed a seven-headed hydra
 10500 | D:12     | Reached skill level 7 in Fighting
 10547 | D:12     | HP: 2/80 [slime creature (14)]
 10549 | D:12     | Reached skill level 8 in Fighting
 10772 | D:12     | Noticed a white ugly thing
 10900 | D:12     | Killed a cyclops
 11362 | D:12     | Reached skill level 10 in Hexes
 11423 | D:12     | Killed a skeletal warrior
 11654 | D:12     | Noticed a cyclops
 11660 | D:12     | Noticed a seven-headed hydra
 11692 | D:11     | Noticed a cyan ugly thing
 11960 | D:11     | Noticed Grum
 12021 | D:11     | Reached XP level 11. HP: 78/86 MP: 16/16
 12054 | D:11     | Found a staircase to the Orcish Mines.
 12453 | D:11     | Killed Grum
 13195 | D:10     | Got a faintly glowing lapis lazuli ring
 13291 | D:10     | Identified the ring "Sacraal" {rCorr *Corrode rElec Str+2} (You found it on level 10 of the Dungeon)
 13650 | D:11     | Killed a cyan ugly thing
 13726 | D:11     | Killed an unseen horror
 13995 | D:11     | Killed a seven-headed hydra
 14231 | D:11     | Got a warped scale mail
 14243 | D:11     | Reached skill level 5 in Spellcasting
 14543 | Orc:1    | Entered Level 1 of the Orcish Mines
 14543 | Orc:1    | Noticed an orc knight
 14547 | Orc:1    | Noticed an orc warlord
 14605 | Orc:1    | Noticed a stone giant
 14646 | D:11     | Killed an orc knight
 15342 | D:11     | Killed a stone giant
 15693 | D:11     | Banished an orc warlord
 16107 | D:11     | Reached XP level 12. HP: 61/94 MP: 19/19
 16210 | Orc:1    | Reached skill level 9 in Fighting
 16400 | Orc:1    | Noticed an ettin
 16449 | Orc:1    | Killed an ettin
 16993 | Orc:1    | Noticed Gastronok
 17094 | D:11     | Killed Gastronok
 17094 | D:11     | Reached skill level 10 in Fighting
 17114 | D:11     | Identified the +5 scale mail of the Lily {rF+ rN++ MR+ Regen+} (You found it on level 11 of the Dungeon)
 17923 | Orc:1    | Noticed Erolcha
 17946 | Orc:1    | Killed Erolcha
 18118 | Orc:2    | Entered Level 2 of the Orcish Mines
 18660 | Orc:2    | Reached skill level 10 in Dodging
 19326 | Orc:2    | Found a staircase to the Elven Halls.
 19485 | Orc:2    | Found Xiere's Antique Armour Shop.
 19485 | Orc:2    | Found Poal's Jewellery Emporium.
 19524 | Orc:2    | Found a roughly hewn altar of Beogh.
 20103 | Orc:2    | Found Muevive Ilixt's Book Shop.
 20103 | Orc:2    | Found Piurhot's Weapon Emporium.
 20367 | Orc:2    | Bought a glowing robe for 18 gold pieces
 20377 | Orc:2    | Bought a glowing helmet for 121 gold pieces
 20387 | Orc:2    | Bought an embroidered robe for 18 gold pieces
 20490 | Orc:2    | Bought a +6 ring of evasion for 1014 gold pieces
 20539 | Orc:2    | Bought a glowing buckler for 121 gold pieces
 20539 | Orc:2    | Bought a runed cloak for 121 gold pieces
 20680 | Lair:1   | Entered Level 1 of the Lair of Beasts
 20755 | Lair:1   | Reached skill level 1 in Shields
 20826 | Lair:1   | Gained mutation: You are in touch with the powers of death. [Mummy growth]
 20826 | Lair:1   | Reached XP level 13. HP: 78/104 MP: 20/20
 20874 | Lair:1   | Got a polished cloak
 20885 | Lair:1   | Identified the +5 cloak of Mysticism {-Cast rPois rF+++ Int+2} (You found it on level 1 of the Lair of Beasts)
 22623 | Lair:2   | Reached skill level 11 in Fighting
 24213 | Lair:2   | Found a staircase to the Shoals.
 24460 | Lair:2   | Noticed a dire elephant
 24814 | Lair:3   | Reached skill level 1 in Armour
 24928 | Lair:3   | Bought a glowing demon trident for 435 gold pieces
 25763 | Lair:3   | Found a staircase to the Snake Pit.
 26746 | Lair:2   | Reached XP level 14. HP: 28/113 MP: 21/21
 27495 | Lair:3   | Reached skill level 5 in Polearms
 27536 | Lair:3   | Learned a level 5 spell: Summon Mana Viper
 29212 | Lair:4   | HP: 4/113 [death yak (24)]
 29754 | Lair:5   | Found a dark tunnel.
 29760 | Volcano  | Entered a volcano
 29976 | Volcano  | Found a bloodstained altar of Trog.
 30103 | Volcano  | Found a radiant altar of Vehumet.
 30668 | Lair:5   | Reached skill level 10 in Polearms
 31602 | Lair:6   | Entered Level 6 of the Lair of Beasts
 31742 | Lair:5   | Reached XP level 15. HP: 87/118 MP: 22/22
 34696 | Lair:6   | Found a runed door.
 34696 | Lair:6   | Found a viscous altar of Jiyva.
 34696 | Lair:6   | Found a staircase to the Slime Pits.
 35127 | Lair:6   | Found a glowing golden altar of the Shining One.
 36794 | D:12     | Learned a level 4 spell: Leda's Liquefaction
 37412 | D:13     | Found a gate to the Vaults.
 38068 | D:13     | Got a jewelled ring mail
 38090 | D:13     | Identified the +4 ring mail "Ciacs" {*Contam MP+9 Str+3 Slay+2} (You found it on level 13 of the Dungeon)
 38571 | D:13     | Reached XP level 16. HP: 125/125 MP: 23/23
 38767 | D:13     | Bought a pair of embroidered gloves for 85 gold pieces
 38767 | D:13     | Bought a sheer robe for 108 gold pieces
 38777 | D:13     | Identified the +1 robe "Hupewod" {Str+2 Int+3 Dex+3} (You bought it in a shop on level 13 of the Dungeon)
 38805 | D:13     | Bought a pair of runed boots for 166 gold pieces
 38844 | D:14     | Noticed Sonja
 38865 | D:14     | Killed Sonja
 39440 | D:14     | Found a radiant altar of Vehumet.
 39460 | D:14     | Found a burning altar of Makhleb.
 39665 | D:14     | Found a sacrificial altar of Ru.
 40009 | D:15     | Entered Level 15 of the Dungeon
 40508 | D:15     | Found a staircase to the Depths.
 41201 | D:15     | Noticed st0uf's ghost (journeyman DsGl)
 41235 | D:15     | Killed st0uf's ghost
 41466 | Snake:1  | Entered Level 1 of the Snake Pit
 44058 | Snake:2  | Reached XP level 17. HP: 131/131 MP: 27/27
 45146 | Snake:2  | Found Pisheuza's Book Shoppe.
 46066 | Snake:3  | Noticed Nikola
 46092 | Snake:3  | Killed Nikola
 46650 | Snake:3  | Reached skill level 5 in Stealth
 47409 | Snake:3  | Learned a level 1 spell: Summon Butterflies
 47520 | Snake:4  | Entered Level 4 of the Snake Pit
 48083 | Snake:4  | Bought the +0 pair of fencer's gloves {+Riposte Dex+6} for 723 gold pieces
 48180 | Snake:4  | Bought a pair of bloodstained boots for 285 gold pieces
 48212 | Snake:4  | Identified the +2 pair of boots "Kifradog" {-Tele rF+ rN++ Slay+5} (You bought it in a shop on level 4 of the Snake Pit)
 50021 | Snake:4  | Reached skill level 12 in Fighting
 50123 | Snake:4  | Reached XP level 18. HP: 101/140 MP: 28/28
 50423 | Snake:4  | Reached skill level 13 in Fighting
 50919 | Snake:4  | Got a serpentine rune of Zot
 51381 | Vaults:1 | Entered Level 1 of the Vaults
 51507 | Vaults:1 | Reached skill level 14 in Fighting
 51791 | Vaults:1 | Got a smoking silver amulet
 52290 | Vaults:1 | Reached skill level 15 in Fighting
 53575 | Vaults:1 | Identified the amulet of Sif Muna's Hope {Reflect rF+ rC+ Int+2 SH+3 Stlth-} (You found it on level 1 of the Vaults)
 53656 | Vaults:1 | Reached skill level 16 in Fighting
 53667 | Vaults:1 | Reached skill level 1 in Air Magic
 53881 | Vaults:2 | Noticed a bone dragon
 53883 | Vaults:2 | Found a staircase to the Crypt.
 53943 | Vaults:2 | Killed a bone dragon
 54142 | Vaults:2 | Reached skill level 5 in Air Magic
 54148 | Vaults:2 | Reached XP level 19. HP: 156/157 MP: 29/29
 54872 | Vaults:2 | Found Sicolegih's Antique Weapon Shop.
 55082 | Vaults:2 | Reached skill level 10 in Air Magic
 55141 | Vaults:2 | Splashed by a tengu reaver's acid

Vault maps used:
D:1:      lightli_arrival_statuegarden
D:2:      kennysheep_slug_shrine, lemuel_zombie_altar_yredelemnul
D:3:      minmay_ogre_servants
D:4:      overflow_temple_1_default, first_bread, uniq_crazy_yiuf_cottage
D:5:      uniq_eustachio
D:6:      kiku_gazebo_garden_becter, lemuel_doored_altar,
          minmay_misc_feat_hallway
D:7:      lemuel_round_altar, serial_aquarium, aquarium_bridge_square,
          aquarium_window_corridor_3, aquarium_window_fake, aquarium_window_2,
          aquarium_window_fake, aquarium_view_2e, minmay_misc_feat_doors
D:8:      lemuel_round_altar, basic_altar
D:9:      erik_lair_orcish_takeover, uniq_maurice
D:10:     uniq_erica
D:11:     orc_david_3, st_stairs_10, uniq_grum
D:12:     grunt_pizzeria, minmay_unpleasant_kobolds
D:13:     erik_vaults_2, serial_bayou, serial_bayou_pond_a,
          serial_bayou_lagoon_a, serial_bayou_shore_b, serial_bayou_pond_e,
          st_stairs_6
D:14:     lemuel_round_altar, basic_altar, hangedman_decor_clover_reticule,
          minmay_misc_feat_more_columns, lemuel_statue_altar, uniq_sonja
D:15:     grunt_enter_depths_magical_seal, grunt_decor_resistance
Temple:   nicolae_temple_great_sept
Lair:2:   mu_elephants_graveyard, elwin_shoals_entry_rooms
Lair:3:   minmay_snake_entry_six_corridors, hibernation_bobbens,
          infiniplex_staircase_pool_2
Lair:4:   st_stairs_9, bobbens_dragon_lair_wall
Lair:5:   nicolae_volcano_entry_s_turn, beast_lair_carwin_7
Lair:6:   minmay_lair_end_enchanted_forest, slime_altar_2, basic_altar,
          roderic_batcave, grunt_megastairs_2
Snake:1:  grunt_ministairs_13
Snake:2:  serial_shops, shop_coins
Snake:3:  cheibrodos_snake_lava_hold, lemuel_fruit_tree, uniq_nikola
Snake:4:  snake_pit_salamanders_mu, serial_bayou_shore_b
Orc:1:    guppyfry_library_mini, uniq_erolcha, uniq_gastronok
Orc:2:    st_orc_town
Vaults:1: v_misc_14, vaults_dpeg_cross, hangedman_vaults_slice,
          nicolae_vaults_disjoint_gnomons, nicolae_vaults_little_squares_3,
          st_spiral_rooms, v_misc_11, v_misc_26, v_pattern_2,
          vaults_room_corners, nicolae_vaults_asterisk,
          nicolae_vaults_little_squares_6
Vaults:2: minmay_crypt_entry_nasty_monster, hangedman_vaults_unwind,
          vaults_mumra_lcd, nicolae_vaults_halls_meeting,
          ontoclasm_vaults_ring_small, v_rooms_4, ontoclasm_vaults_ring_square,
          hangedman_vaults_snaps, ontoclasm_vaults_ring_square,
          hangedman_vaults_restitches, nicolae_vaults_alarming, serial_shops,
          nicolae_shop_trees
Volcano:  volcano_grotto

Skill      XL: |  1  2  3  4  5  6  7  8  9 10 11 12 13 14 15 16 17 18 19 |
---------------+----------------------------------------------------------+-----
Hexes          | 3 4 5 6 8 9 10 12 13 14 | 14.0
Polearms       | 1 2 4 10 13 14 | 14.0
Short Blades   | 1 |  1.0
Fighting       | 1 3 6 8 10 11 12 16 | 16.0
Spellcasting   | 3 5 7 |  7.0
Dodging        | 3 7 9 11 12 14 | 14.0
Shields        | 1 4 |  4.0
Armour         | 3 |  3.7
Stealth        | 9 |  9.0
Air Magic      | 5 10 | 10.0

Action                   |  1- 3 |  4- 6 |  7- 9 | 10-12 | 13-15 | 16-18 | 19-21 || total
-------------------------+-------+-------+-------+-------+-------+-------+-------++-------
Melee: Dagger            |   100 |   121 |   348 |  1213 |   685 |       |       ||  2467
       Trident           |    89 |   124 |       |       |       |       |       ||   213
       Quarterstaff      |       |       |    33 |     4 |       |       |       ||    37
       Scimitar          |       |       |       |    14 |       |       |       ||    14
       Demon trident     |       |       |       |       |  2282 |  2571 |   320 ||  5173
 Cast: Corona            |    46 |    24 |       |       |       |       |       ||    70
       Confuse           |       |    16 |    50 |   242 |   143 |   123 |       ||   574
       Tukima's Dance    |       |     5 |    12 |    26 |     9 |       |       ||    52
       Dazzling Spray    |       |       |       |     8 |       |       |       ||     8
       Summon Mana Viper |       |       |       |       |       |     9 |       ||     9
Invok: Potion Petition   |       |     1 |       |       |       |     1 |     1 ||     3
       Call Merchant     |       |       |     1 |     1 |     2 |     4 |       ||     8
Evoke: Sack of spiders   |       |       |       |       |     1 |       |       ||     1
       Wand              |       |       |       |       |     9 |     4 |       ||    13
  Use: Scroll            |       |     6 |     3 |    12 |    12 |     6 |     1 ||    40
 Stab: Sleeping          |    10 |     7 |     5 |     1 |    15 |    36 |     1 ||    75
       Confused          |       |     2 |    17 |   114 |    55 |    52 |       ||   240
       Distracted        |       |     2 |     2 |     4 |    18 |    25 |     4 ||    55
Armor: Robe              |    45 |    61 |   119 |       |       |       |       ||   225
       Leather armour    |       |       |    15 |   338 |   515 |   253 |    18 ||  1139
Dodge: Dodged            |   120 |   146 |   225 |   958 |  2616 |  1394 |    84 ||  5543
Block: Buckler           |       |       |       |       |   598 |   616 |    69 ||  1283
       Reflection        |       |       |       |       |       |       |     6 ||     6
